Map: Cyber Forest LE

Players

Mez - Winner!

  • Race: Terran Terran
  • League: Master
  • Spawn Location: 5:00

Northstar

  • Race: Protoss Protoss
  • League: Master
  • Spawn Location: 11:00

VOD

Have the link to the VOD?

Description

Time

  • Played on: July 28, 2019, 12:33 a.m.
  • Length: 11:35
Show
View Real Time Build Order
Export as new Build Order

Mez Terran - Winner!

Build Orders: Reaper Expand 

Get SALT Encoding   

  12  0:00  SCV  
  13  0:13  SCV  
  14  0:20  Supply Depot  
  14  0:26  SCV  
  15  0:42  SCV, Barracks  
  16  0:48  Refinery  
  16  0:54  SCV  
  17  1:06  SCV  
  18  1:18  SCV  
  19  1:33  Orbital Command  
  19  1:34  Reaper  
  20  1:46  Command Center  
  20  1:57  Supply Depot  
  20  2:02  Barracks  
  20  2:03  SCV  
  21  2:13  Barracks Reactor  
  21  2:15  SCV  
  22  2:17  Supply Depot  
  22  2:27  SCV  
  22  2:29  Barracks  
  23  2:42  SCV  
  24  2:54  SCV, Barracks Tech Lab  
  24  2:55  Marine x2  
  27  2:58  Orbital Command  
  27  3:05  Engineering Bay  
  27  3:10  SCV  
  28  3:13  Marine  
  28  3:14  Combat Shield, Marine x2  
  28  3:17  Marine  
  32  3:22  SCV  
  32  3:24  SCV  
  34  3:37  Marine x2  
  34  3:38  Missile Turret  
  34  3:41  Marine x2  
  36  3:42  Missile Turret  
  36  3:43  SCV x2  
  39  3:55  SCV x2, Supply Depot  
  41  3:56  Marine x2  
  41  3:59  Marine  
  44  4:06  Marine  
  44  4:07  SCV, Terran Infantry Weapons Level 1  
  46  4:16  SCV  
  47  4:17  Marine x2  
  47  4:19  SCV, Marine  
  47  4:23  Supply Depot  
  51  4:25  Marine  
  51  4:28  SCV  
  54  4:31  SCV  
  53  4:44  Marine x4  
  56  4:46  Command Center  
  56  4:50  Supply Depot  
  56  4:51  Stimpack  
  56  4:54  Factory  
  56  4:55  Refinery  
  56  4:56  Missile Turret  
  56  5:02  SCV x2  
  56  5:05  Marine x3, Barracks Tech Lab  
  61  5:14  SCV  
  61  5:20  Refinery  
  61  5:24  Concussive Shells, Marine  
  61  5:25  Marine x3  
  61  5:26  SCV x2  
  67  5:40  SCV x2  
  67  5:42  Marine  
  69  5:43  Supply Depot  
  69  5:47  Marine  
  69  5:48  Marine  
  70  5:52  SCV  
  70  5:53  SCV  
  66  6:02  Marine x2  
  62  6:04  SCV, Marine  
  62  6:07  Orbital Command  
  62  6:10  Starport, Factory Reactor  
  62  6:11  Terran Infantry Armor Level 1  
  57  6:19  Supply Depot  
  57  6:20  SCV x2  
  57  6:21  Barracks  
  57  6:22  Barracks  
  57  6:25  Marine x2, Marauder x2  
  65  6:31  Orbital Command  
  65  6:32  Refinery  
  65  6:39  SCV x2  
  67  6:44  Supply Depot  
  67  6:50  Marine x2  
  67  6:52  Marauder  
  71  6:55  SCV x2  
  71  6:57  SCV  
  73  7:01  Missile Turret  
  73  7:07  SCV x2  
  73  7:08  Marine  
  73  7:09  SCV, Marine, Marauder  
  73  7:12  Medivac x2  
  73  7:13  Marauder  
  73  7:14  Barracks Reactor  
  84  7:18  Barracks Tech Lab  
  84  7:19  SCV x2  
  84  7:22  SCV  
  87  7:30  Supply Depot  
  87  7:31  SCV x2, Marine x2  
  87  7:32  Marauder  
  87  7:34  SCV, Marine  
  95  7:39  Command Center  
  95  7:42  Medivac x2  
  95  7:44  SCV  
  100  7:45  Marauder  
  100  7:46  SCV x2  
  100  7:49  Marine x2  
  100  7:50  Supply Depot  
  106  7:52  Marauder  
  106  7:55  Engineering Bay, Armory  
  106  7:56  SCV  
  106  7:57  Marine x2, Marauder  
  113  8:01  SCV x2  
  115  8:08  SCV  
  115  8:11  Marine x2  
  115  8:12  Marauder  
  120  8:13  Medivac x2  
  120  8:16  SCV  
  125  8:22  Supply Depot  
  125  8:24  Supply Depot  
  125  8:26  SCV x2, Marauder  
  129  8:34  Barracks x2  
  129  8:36  Barracks  
  129  8:45  Marine x4, Marauder x2  
  129  8:46  Medivac x2  
  141  8:51  SCV x3  
  141  8:53  Ghost Academy  
  144  8:55  Supply Depot  
  144  8:59  Bunker  
  144  9:01  Marauder  
  144  9:02  Marine x2  
  146  9:05  Supply Depot  
  146  9:06  Marauder  
  146  9:07  SCV x3  
  153  9:10  Marauder  
  153  9:16  Medivac x2  
  159  9:22  Marauder  
  161  9:29  Supply Depot  
  161  9:31  Supply Depot  
  161  9:38  Missile Turret  
  161  9:43  Planetary Fortress  
  161  9:46  Marauder  
  161  9:47  Barracks Reactor, Marauder x2, Barracks Tech Lab x2  
  161  9:48  Marine x3  
  161  9:49  Medivac x2  
  174  9:53  Refinery  
  174  9:54  Refinery  
  174  9:55  Supply Depot  
  174  9:59  Marine  
  175  10:06  Marine x2  
  169  10:08  Marauder x3  
  169  10:13  Marine  
  169  10:14  Marauder x2  
  173  10:17  Marine  
  169  10:24  Marine  
  170  10:34  Marine  
  170  10:35  Marine x9  
  179  10:41  Marine  
  152  10:47  Medivac  
  133  10:50  SCV  
  133  10:51  SCV x2  
  133  10:52  Marine  
  133  10:53  Marine x4, Marauder x5  
  143  10:59  Marine  
  143  11:03  SCV x3  
  141  11:09  SCV  
  141  11:10  Marine x2  
  141  11:15  SCV x2  
Show
View Real Time Build Order
Export as new Build Order

Northstar Protoss 

Build Orders: 1 Gate Expand, Phoenix Opening 

Get SALT Encoding   

  12  0:03  Probe  
  13  0:15  Probe  
  13  0:17  Pylon  
  14  0:27  Probe  
  15  0:36  Probe  
  15  0:39  Gateway  
  16  0:44  Probe  
  16  0:47  Assimilator  
  17  0:54  Probe  
  18  1:07  Probe  
  19  1:24  Nexus  
  19  1:36  Cybernetics Core  
  19  1:40  Probe  
  20  1:52  Assimilator  
  20  1:54  Pylon  
  20  1:56  Probe  
  21  2:02  Adept  
  21  2:08  Probe  
  24  2:16  Probe  
  25  2:23  Stargate  
  25  2:24  Probe  
  26  2:32  Adept  
  26  2:35  Probe  
  29  2:38  Probe  
  30  2:47  Probe x2  
  30  2:49  Warp Gate  
  32  2:57  Probe  
  32  2:59  Probe  
  32  3:01  Phoenix  
  32  3:02  Adept  
  36  3:11  Probe  
  39  3:14  Probe  
  39  3:17  Pylon  
  40  3:21  Phoenix  
  40  3:23  Probe  
  40  3:26  Probe  
  44  3:40  Phoenix  
  44  3:41  Probe  
  44  3:42  Probe  
  44  3:45  Pylon  
  48  3:53  Gateway  
  48  3:55  Probe, Gateway  
  49  3:59  Probe  
  49  4:02  Assimilator  
  50  4:05  Assimilator  
  50  4:08  Phoenix  
  52  4:10  Probe  
  52  4:12  Probe  
  52  4:16  Pylon  
  54  4:22  Probe  
  55  4:24  Probe  
  56  4:35  Probe  
  56  4:36  Probe  
  58  4:42  Phoenix  
  60  4:47  Shield Battery  
  60  4:49  Shield Battery  
  60  4:52  Adept x3  
  66  4:57  Pylon  
  66  5:07  Phoenix  
  68  5:16  Probe x2  
  68  5:18  Sentry x3  
  76  5:30  Pylon  
  76  5:32  Nexus  
  76  5:41  Adept  
  78  5:47  Pylon  
  78  5:48  Pylon  
  66  6:02  Adept x3  
  68  6:07  Phoenix  
  68  6:08  Probe x2, Forge  
  68  6:10  Twilight Council  
  64  6:11  Robotics Facility  
  64  6:16  Probe x2  
  66  6:23  Gateway  
  66  6:24  Gateway  
  68  6:28  Gateway  
  68  6:29  Probe x2  
  68  6:30  Phoenix  
  72  6:34  Protoss Ground Weapons Level 1  
  72  6:35  Sentry x2  
  72  6:36  Sentry  
  72  6:39  Resonating Glaives  
  78  6:41  Probe x2  
  80  6:50  Probe  
  80  6:53  Probe  
  82  7:00  Phoenix  
  84  7:11  Robotics Bay, Observer  
  84  7:15  Probe x3  
  88  7:16  Adept x3  
  94  7:32  Adept x3  
  94  7:35  Assimilator  
  94  7:36  Assimilator  
  100  7:38  Pylon  
  100  7:40  Adept x3, Pylon  
  100  7:43  Pylon  
  106  7:45  Warp Prism  
  108  7:57  Adept x2  
  108  7:58  Adept  
  114  8:00  Adept x3  
  120  8:10  Extended Thermal Lance  
  120  8:13  Colossus  
  120  8:24  Probe x2  
  120  8:25  Probe  
  129  8:36  Probe x2  
  129  8:37  Probe  
  129  8:38  Gateway  
  129  8:40  Gateway  
  132  8:42  Protoss Ground Weapons Level 2  
  132  8:44  Pylon  
  132  8:49  Observer  
  132  8:50  Adept x4, Pylon x2  
  140  8:58  Probe, Colossus  
  147  9:15  Adept x5  
  147  9:16  Adept  
  159  9:18  Charge  
  159  9:48  Colossus, Pylon  
  159  9:50  Pylon  
  159  9:52  Pylon  
  161  10:29  Adept  
  161  10:30  Adept x4  
  161  10:31  Adept  
  127  10:47  Adept x2  
  104  10:53  Adept x4  
  104  10:54  Adept x2  
  82  11:12  Adept x2  
  82  11:13  Adept x3  
  82  11:14  Adept x2  
  82  11:15  Adept  
Tags
 
Add a new tag
Caveats
  • Supply blocks, unpowered buildings, or Contaminate may cause inaccurate times.
  • Supply counts are checked every 10 seconds.